 Dungeon Crawl Stone Soup version 0.30-a0-394-g3e4acdb0ae (webtiles) character file.

Game seed: 9500064030733034418

83 AigisTheKnight the Conjurer (level 4, -6/25 HPs)
             Began as a Tengu Conjurer on Dec 6, 2022.
             Mangled by Terence
             ... wielding a +0 flail
              (8 damage)
             ... on level 2 of the Dungeon.
             The game lasted 00:02:28 (1363 turns).

AigisTheKnight the Conjurer (Tengu Conjurer)        Turns: 1363, Time: 00:02:30

Health: -6/25      AC:  2    Str:  7    XL:     4   Next: 44%
Magic:  8/8        EV: 12    Int: 21    God:
Gold:   59         SH:  3    Dex: 12    Spells: 7/8 levels left

rFire   . . .      SeeInvis .    i - +0 trident
rCold   . . .      Faith    .    f - +0 buckler
rNeg    . . .      Spirit   .    a - +0 robe
rPois   .          Reflect  .    (helmet restricted)
rElec   .          Harm     .    (no cloak)
rCorr   .          Rampage  .    (no gloves)
Will    .....                    (boots unavailable)
Stlth   ++........               n - amulet of magic regeneration
HPRegen 0.24/turn                (no ring)
MPRegen 0.51/turn                (no ring)

@: no status effects
A: beak, talons 3
a: no special abilities


You were on level 2 of the Dungeon.
You visited 1 branch of the dungeon, and saw 3 of its levels.

You collected 59 gold pieces.

Inventory:

Hand Weapons
 i - a +0 trident (weapon)
Armour
 a - a +0 robe (worn)
 f - a +0 buckler (worn)
Jewellery
 k - an amulet of magic regeneration
 n - an amulet of magic regeneration (around neck)
Scrolls
 d - a scroll of fear {unknown}
 j - a scroll of enchant weapon {unknown}
 l - a scroll of identify {unknown}
Potions
 b - 2 potions of magic
 c - a potion of brilliance {unknown}
 e - a potion of lignification {unknown}
 g - a potion of curing {unknown}
 h - a potion of mutation {unknown}
 m - a potion of might {unknown}


   Skills:
 + Level 1.4 Fighting
 + Level 3.0 Dodging
 - Level 2.1 Stealth
 + Level 1.1 Shields
 + Level 2.6 Spellcasting
 + Level 5.8 Conjurations


You had 7 spell levels left.
You knew the following spells:

 Your Spells              Type           Power      Damage    Failure   Level
a - Magic Dart            Conj           100%       1d8       1%          1

Your spell library contained the following spells:

 Spells                   Type           Power      Damage    Failure   Level
 Searing Ray              Conj           54%        2d6       2%          2
 Dazzling Flash           Conj/Hex       30%        N/A       16%         3
 Fulminant Prism          Conj/Hex       7%         3d7       47%         4
 Iskenderun's Mystic Bla  Conj/Tloc      15%        2d5       47%         4


Dungeon Overview and Level Annotations

Branches:
Dungeon (3/15)

Altars:

Shops:
D:1 =

Annotations:
D:2 Terence
D:3 1 runed translucent door, SmokeWeed's ghost, weakling HOFi


Innate Abilities, Weirdness & Mutations

You have a beak for a mouth.
You have claws for feet.


Message History

The orc wizard flickers and vanishes!
Deactivating autopickup; reactivate with Ctrl-A.
Casting: Magic Dart (safe; 1% risk of failure)
Confirm with . or Enter, or press ? or * to list all spells.
Aiming: Magic Dart (safe; 1% risk of failure)
Press: ? - help, Shift-Dir - straight line, f/p - orc priest
Aim: an orc priest, wielding a +0 whip and wearing a +0 leather armour (severely wounded, 100% to hit)
The magic dart hits the orc priest.
The orc priest is almost dead.
The orc priest invokes the aid of Beogh against you.
Beogh smites you!
Ouch! That really hurt!
* * * LOW HITPOINT WARNING * * *
Casting: Magic Dart (safe; 1% risk of failure)
Confirm with . or Enter, or press ? or * to list all spells.
Aiming: Magic Dart (safe; 1% risk of failure)
Press: ? - help, Shift-Dir - straight line, f/p - orc priest
Aim: an orc priest, wielding a +0 whip and wearing a +0 leather armour (almost dead, 100% to hit)
The magic dart hits the orc priest!
You kill the orc priest!
An orc priest comes into view. It is wielding a +0 hand axe.
Your Dodging skill increases to level 3!
Your Shields skill increases to level 1!
You have reached level 4!
You feel clever.
Something tries to affect you, but you resist.
A puff of flame appears from out of thin air!
The puff of flame misses you.
A magic dart appears from out of thin air!
The magic dart hits you.
* * * LOW HITPOINT WARNING * * *
There is a stone staircase leading up here.
You can't go down here!
You climb upwards.
Level annotation: Terence Reactivating autopickup.
The frilled lizard bites you.
* * * LOW HITPOINT WARNING * * *
Terence hits you with a +0 flail!
You die...

###.#######+#
....#....##.#
#####....##.######
...............@@#
#####.......#.##l#
#.#.#.#.#.##.#
#.#.#...#.##.#
#.#.......##.#
#.##########.# ..#
.........# ..#
#######..# ..
.#######..#


You could see Terence and a frilled lizard.

Vanquished Creatures
  An orc priest (D:3)
  An adder (D:3)
  3 dart slugs
  3 bats (D:1)
  3 endoplasms
  4 goblins (D:1)
  5 hobgoblins
  2 jackals (D:1)
  2 quokkas (D:1)
  4 ball pythons (D:1)
  2 frilled lizards (D:1)
  3 kobolds
  A rat (D:1)
34 creatures vanquished.

Vanquished Creatures (others)
  2 plants (D:2)
2 creatures vanquished.

Grand Total: 36 creatures vanquished

Notes
Turn   | Place    | Note
-------+----------+-------------------------------------------
     0 | D:1      | AigisTheKnight the Tengu Conjurer began the quest for the
                  | Orb.
     0 | D:1      | Reached XP level 1. HP: 10/10 MP: 4/4
   102 | D:1      | Reached XP level 2. HP: 15/15 MP: 1/6
   201 | D:1      | Found Vocwop's Jewellery Emporium.
   379 | D:1      | Found a faded altar of an unknown god.
   509 | D:1      | Reached XP level 3. HP: 20/20 MP: 3/7
  1124 | D:2      | Noticed Terence
  1163 | D:3      | Found a runed translucent door.
  1172 | D:3      | Reached skill level 1 in Fighting
  1302 | D:3      | Noticed SmokeWeed's ghost (weakling HOFi)
  1345 | D:3      | Reached skill level 1 in Shields
  1345 | D:3      | Reached XP level 4. HP: 7/25 MP: 5/8
  1363 | D:2      | Mangled by Terence

Illustrated notes

Levels and vault maps discovered:
D:1:      dpeg_arrival_short_road, layout_rooms, basic_ecumenical_altar,
          serial_shops, shop, grunt_decor_resistance
D:2:      minmay_evil_eye, layout_basic, hangedman_decor_points,
          serial_bayou_lake_a, uniq_terence, uniq_crazy_yiuf_cottage
D:3:      layout_rooms, mainiacjoe_overflow_24_doors,
          hellmonk_ghost_happy_afterlife, minmay_misc_feat_secret_circle,
          wad_floor_pattern_untrapped, solitary_fountain, minmay_vboxes

Skill      XL: |  1  2  3 |
---------------+----------+-----
Fighting       | 1 |  1.4
Dodging        | 3 |  3.0
Shields        | 1 |  1.1
Stealth        | |  2.1
Spellcasting   | |  2.6
Conjurations   | |  5.8

Action                   |  1- 3 |  4- 6 || total
-------------------------+-------+-------++-------
Melee: Unarmed           |     1 |       ||     1
       Trident           |    10 |       ||    10
       Kick              |     1 |       ||     1
       Peck              |     1 |       ||     1
 Cast: Magic Dart        |    62 |       ||    62
 Stab: Sleeping          |     1 |       ||     1
Armor: Robe              |     3 |       ||     3
Dodge: Dodged            |     8 |     1 ||     9

Table legend: (Time is in decaauts)
 A = Elapsed time spent in this place.
 B = Non-inter-level travel time spent in this place.
 C = Inter-level travel time spent in this place.
 D = Time resting spent in this place.
 E = Time spent auto-exploring this place.
 F = Levels seen in this place.
 G = Mean time per level.
                   A        B        C        D        E       F      G
               +--------+--------+--------+--------+--------+-----+--------+
         Total |   1385 |   1325 |     60 |     70 |   1028 |   3 |  461.7 |
       Dungeon |   1385 |   1325 |     60 |     70 |   1028 |   3 |  461.7 |
               +--------+--------+--------+--------+--------+-----+--------+

Top non-repeatable levels by time:
     D:1: 950 daAuts
     D:2: 229 daAuts
     D:3: 205 daAuts
